 Dungeon Sprint DCSS version 0.18.1-6-gd335043 (webtiles) character file.

16600000 Groucho the Ninja (level 27, -64/298 HPs)
             Began as a Deep Dwarf Gladiator on May 18, 2016.
             Was the Champion of Makhleb.
             Annihilated by a fleshlord
             ... wielding a +9 great mace
              (83 damage)
             ... in the Dungeon (Sprint VIII: "Arena of Blood").
             The game lasted 00:05:46 (166 turns).

Groucho the Ninja (Deep Dwarf Gladiator)             Turns: 166, Time: 00:05:47

Health: -64/298    AC:  8    Str: 21    XL:     27
Magic:  54/54      EV: 36    Int: 11    God:    Makhleb [******]
Gold:   0          SH:  0    Dex: 22    Spells: 0 memorised, 80 levels left

rFire  . . .     SeeInvis .     m - +∞ Axe of Woe
rCold  . . .     Gourm    .     b - +0 leather armour
rNeg   + . .     Faith    .     (shield currently unavailable)
rPois  .         Spirit   .     c - +0 helmet
rElec  .         Dismiss  .     (no cloak)
rCorr  .         Reflect  .     (no gloves)
SustAt .         Harm     .     (no boots)
MR     ++++.     NoTele   +     (no amulet)
Stlth  +++++++++.               (no ring)
                                (no ring)

@: lethally poisoned (-64 -> -64), non-regenerating, incredibly resistant to
hostile enchantments, incredibly stealthy
A: damage resistance, recharge devices, negative energy resistance 1, sense
surroundings 3, slow regeneration 3
a: Device Recharging, Minor Destruction, Lesser Servant of Makhleb, Major
Destruction, Greater Servant of Makhleb, Renounce Religion


You were in the Dungeon.
You worshipped Makhleb.
Makhleb was exalted by your worship.
You were not hungry.

You visited 1 branch

Inventory:

Hand Weapons
 a - a +0 war axe
 m - the +∞ Axe of Woe (weapon)
   (You found it in the Dungeon)
Missiles
 d - 3 throwing nets (quivered)
Armour
 b - a +0 leather armour (worn)
 c - a +0 helmet (worn)
Wands
 e - a wand of heal wounds (5/9)
Scrolls
 l - a scroll of blinking
Potions
 h - a potion of heal wounds
 i - a potion of haste
 j - 2 potions of magic
 k - a potion of berserk rage
Comestibles
 f - a bread ration


   Skills:
 O Level 27 Fighting
 O Level 27 Axes
 O Level 27 Throwing
 O Level 27 Armour
 O Level 27 Dodging
 O Level 27 Stealth
 O Level 27 Unarmed Combat
 O Level 27 Spellcasting
 O Level 27 Invocations
 O Level 27 Evocations


You had 80 spell levels left.
You didn't know any spells.

Dungeon Overview and Level Annotations

Branches:
Dungeon (1/1)

Altars:
Makhleb

Annotations:
D The Meatlord


Innate Abilities, Weirdness & Mutations

You are resistant to damage.
You can recharge devices by infusing magical energy.
You resist negative energy.
You passively map a large area around you.
You do not regenerate naturally.


Message History

Your balrug gestures at the dread.
The bolt of fire hits the dread.
The bolt of fire hits The Meatlord.
The Meatlord completely resists.
The bolt of fire hits the bag of meat.
The bag of meat dies!
Makhleb accepts your kill.
You hear a shout!
The dread hits your balrug but does no damage.
The meat berserker hits your balrug with a +9 battleaxe!!
You hear a shout!
The eight-headed meat hydra bites your balrug.
The eight-headed meat hydra completely misses your balrug.
The eight-headed meat hydra bites your balrug!
The eight-headed meat hydra bites your balrug but does no damage.
The eight-headed meat hydra bites your balrug!
The eight-headed meat hydra bites your balrug.
Your balrug dies!
The scourge is engulfed in poison gas.
The Meatlord gestures.
The fleshlord hits you with a +9 great mace!!!!
You die...

, , , ,, , , , , * ,
, .. ..... , , ,#. ,
...# , , , , , #..
...# , ., * ,
,.###*. ,...###..,
,, ,
,..*)*.###...... ,,
,** ..o&L*_.)o.. , ,
, , , , ,, #WD.)o# ,
,, ,* , , ,#_*<§@# ,
,, , ,,,,, #O..§p# ,
*, ,
..o...§§pS..Co.. , ,
, ,
......###§§§.Oo.. *
,, ,, ,
,.###S.,,..§###z2o,,
, #.., ..§# ,,oo ,,
, #., .O..# , , ..
,....., , ,,,,, , *
, ...... * , ,


You could see The Meatlord, a tyrant, an eight-headed meat hydra (unaware), 2
scourges, 2 fleshlords, a dread, 2 meat berserkers, 4 bags of meat and 5 ball
lightnings.

Vanquished Creatures
  5 hell knights (D)
  7 hell beasts (D)
  8 greater mummies (D)
  3 great orbs of eyes (D)
  3 wraiths (D)
  9 vampire knights (D)
  38 ogres (D)
  8 liches (D)
  4 hydras (D)
  65 orcs (D)
  7 phantoms (D)
  8 hill giants (D)
  6 skeletal warriors (D)
  2 sea snakes (D)
  8 large abominations (D)
  5 small abominations (D)
  12 crawling corpses (D)
198 creatures vanquished.

Vanquished Creatures (collateral kills)
  An orc (D)
1 creature vanquished.

Vanquished Creatures (others)
  A great orb of eyes (D)
  A hydra (D)
  2 orcs (D)
  6 crawling corpses (D)
10 creatures vanquished.

Grand Total: 209 creatures vanquished

Notes
Turn   | Place    | Note
--------------------------------------------------------------
     0 | D        | Groucho the Deep Dwarf Gladiator began the quest for the Orb.
     0 | D        | Reached XP level 1. HP: 19/19 MP: 1/1
     3 | D        | Noticed a bag of meat
     3 | D        | Noticed a bag of meat
     4 | D        | Became a worshipper of Makhleb the Destroyer
     5 | D        | Noticed a bag of meat
     5 | D        | Noticed a bag of meat
     6 | D        | Noticed a bag of meat
     6 | D        | Noticed a meat berserker
     8 | D        | Noticed a bag of meat
     9 | D        | Noticed a meat berserker
     9 | D        | Killed a bag of meat
     9 | D        | Reached XP level 2. HP: 46/46 MP: 2/2
     9 | D        | Reached XP level 3. HP: 54/54 MP: 3/3
     9 | D        | Reached XP level 4. HP: 62/62 MP: 4/4
     9 | D        | Reached XP level 5. HP: 69/69 MP: 5/5
     9 | D        | Reached XP level 6. HP: 78/78 MP: 6/6
     9 | D        | Reached XP level 7. HP: 85/85 MP: 7/7
     9 | D        | Reached XP level 8. HP: 92/92 MP: 8/8
     9 | D        | Gained mutation: You passively map the area around you. [Deep Dwarf growth]
     9 | D        | Reached XP level 9. HP: 99/99 MP: 9/9
     9 | D        | Reached XP level 10. HP: 108/108 MP: 10/10
     9 | D        | Reached XP level 11. HP: 115/115 MP: 11/11
     9 | D        | Killed a bag of meat
     9 | D        | Reached * piety under Makhleb
     9 | D        | Reached XP level 12. HP: 128/128 MP: 12/12
     9 | D        | Killed a meat berserker
     9 | D        | Reached XP level 13. HP: 142/142 MP: 13/13
     9 | D        | Gained mutation: You resist negative energy. [Deep Dwarf growth]
     9 | D        | Reached XP level 14. HP: 151/151 MP: 14/14
    10 | D        | Killed a bag of meat
    10 | D        | Reached ** piety under Makhleb
    12 | D        | Killed a meat berserker
    12 | D        | Reached XP level 15. HP: 125/165 MP: 15/15
    12 | D        | Reached *** piety under Makhleb
    12 | D        | Reached XP level 16. HP: 134/177 MP: 16/16
    13 | D        | Noticed a meat berserker
    13 | D        | Reached skill level 27 in Stealth
    14 | D        | Noticed a meat berserker
    15 | D        | Noticed a meat berserker
    17 | D        | Noticed a meat berserker
    17 | D        | Killed a meat berserker
    17 | D        | Reached **** piety under Makhleb
    17 | D        | Reached XP level 17. HP: 121/192 MP: 17/17
    18 | D        | Noticed a meat berserker
    19 | D        | Killed a meat berserker
    19 | D        | Killed a meat berserker
    19 | D        | Reached ***** piety under Makhleb
    19 | D        | Reached skill level 27 in Fighting
    19 | D        | Reached skill level 27 in Axes
    19 | D        | Reached skill level 27 in Armour
    19 | D        | Reached skill level 27 in Dodging
    19 | D        | Reached skill level 5 in Invocations
    19 | D        | Reached skill level 5 in Evocations
    19 | D        | Gained mutation: You passively map a large area around you. [Deep Dwarf growth]
    19 | D        | Reached XP level 18. HP: 218/218 MP: 17/22
    20 | D        | Noticed a meat berserker
    20 | D        | Killed a meat berserker
    22 | D        | Noticed a meat berserker
    22 | D        | Noticed a meat berserker
    23 | D        | Killed a meat berserker
    23 | D        | Reached XP level 19. HP: 226/226 MP: 17/35
    24 | D        | Killed a meat berserker
    24 | D        | Reached skill level 27 in Invocations
    24 | D        | Reached skill level 27 in Evocations
    25 | D        | Noticed a large bag of meat
    26 | D        | Reached ****** piety under Makhleb
    26 | D        | Reached XP level 20. HP: 236/236 MP: 18/37
    27 | D        | Killed a meat berserker
    27 | D        | Reached skill level 27 in Unarmed Combat
    27 | D        | Reached skill level 5 in Throwing
    28 | D        | Killed a meat berserker
    30 | D        | Reached skill level 15 in Spellcasting
    31 | D        | Reached XP level 21. HP: 244/244 MP: 19/43
    33 | D        | Noticed a destroyer
    35 | D        | Killed a destroyer
    35 | D        | Reached skill level 27 in Throwing
    35 | D        | Reached XP level 22. HP: 254/254 MP: 20/51
    36 | D        | Reached skill level 27 in Spellcasting
    38 | D        | Noticed a destroyer
    42 | D        | Killed a destroyer
    42 | D        | Reached XP level 23. HP: 262/262 MP: 21/54
    50 | D        | Noticed an accursed
    50 | D        | Reached XP level 24. HP: 272/272 MP: 23/54
    56 | D        | Noticed a destroyer
    56 | D        | Killed an accursed
    56 | D        | Reached XP level 25. HP: 280/280 MP: 25/54
    58 | D        | Noticed a tyrant
    58 | D        | Noticed a tyrant
    61 | D        | Reached XP level 26. HP: 279/290 MP: 26/54
    62 | D        | Noticed a destroyer
    62 | D        | Killed a destroyer
    65 | D        | Noticed an accursed
    65 | D        | Killed a tyrant
    66 | D        | Killed a destroyer
    66 | D        | Reached XP level 27. HP: 298/298 MP: 28/54
    66 | D        | Killed a tyrant
    73 | D        | Noticed a destroyer
    73 | D        | Noticed a meat beast
    73 | D        | Noticed a destroyer
    73 | D        | Noticed an accursed
    77 | D        | Killed a destroyer
    78 | D        | Noticed a destroyer
    78 | D        | Killed a meat beast
    78 | D        | Killed a destroyer
    79 | D        | Killed a destroyer
    81 | D        | Noticed a meat beast
    83 | D        | Noticed a tyrant
    84 | D        | Noticed a meat beast
    84 | D        | Killed a meat beast
    85 | D        | Noticed a meat beast
    86 | D        | Noticed a meat beast
    88 | D        | Killed a meat beast
    90 | D        | Noticed a meat beast
    92 | D        | Killed a tyrant
    92 | D        | Killed a meat beast
    93 | D        | Killed a meat beast
    93 | D        | Killed an accursed
    94 | D        | Killed a meat beast
   100 | D        | Killed an accursed
   105 | D        | Noticed a tyrant
   109 | D        | Noticed an accursed
   111 | D        | Killed a tyrant
   115 | D        | Noticed a tyrant
   121 | D        | Noticed a fleshlord
   121 | D        | Noticed a dread
   122 | D        | Killed an accursed
   123 | D        | Noticed an accursed
   123 | D        | Killed a dread
   123 | D        | Killed a fleshlord
   123 | D        | Noticed a fleshlord
   124 | D        | Killed a fleshlord
   126 | D        | Noticed a tyrant
   126 | D        | Killed a tyrant
   126 | D        | Noticed a fleshlord
   127 | D        | Noticed a fleshlord
   127 | D        | Noticed a dread
   127 | D        | Noticed a dread
   129 | D        | Killed a fleshlord
   131 | D        | Noticed an accursed
   133 | D        | Noticed an accursed
   135 | D        | Noticed a tyrant
   135 | D        | Noticed an accursed
   136 | D        | Killed a dread
   138 | D        | Killed a fleshlord
   140 | D        | Killed an accursed
   140 | D        | Killed a dread
   141 | D        | Noticed a destroyer
   141 | D        | Killed an accursed
   145 | D        | HP: 12/296 [??? (3)]
   146 | D        | Killed an accursed
   147 | D        | Noticed a fleshlord
   147 | D        | Killed a destroyer
   148 | D        | Noticed a meat beast
   149 | D        | Killed a meat beast
   151 | D        | Killed an accursed
   151 | D        | Killed a tyrant
   151 | D        | Killed a fleshlord
   156 | D        | Noticed a tyrant
   157 | D        | Noticed a destroyer
   158 | D        | Noticed a fleshlord
   158 | D        | Killed a tyrant
   158 | D        | Killed a destroyer
   159 | D        | Noticed a fleshlord
   160 | D        | Noticed The Meatlord
   160 | D        | Noticed a dread
   161 | D        | Noticed a tyrant
   164 | D        | Killed a tyrant
   165 | D        | HP: 13/296 [??? (6)]
   166 | D        | Annihilated by a fleshlord

Skill      XL: |  1  2  3  4  5  6  7  8  9 10 11 12 13 14 15 16 17 18 19 20 21 22 |
---------------+-------------------------------------------------------------------+-----
Fighting       | 12 14 16 18 20 22 27 | 27.0
Axes           | 14 16 19 21 23 25 27 | 27.0
Armour         | 14 16 18 21 23 25 27 | 27.0
Dodging        | 14 16 19 21 23 25 27 | 27.0
Stealth        | 16 18 21 24 26 27 | 27.0
Unarmed Combat | 2 13 23 27 | 27.0
Invocations    | 5 24 27 | 27.0
Evocations     | 5 24 27 | 27.0
Throwing       | 19 27 | 27.0
Spellcasting   | 18 25 27 | 27.0

Action                   |  1- 3 |  4- 6 |  7- 9 | 10-12 | 13-15 | 16-18 | 19-21 | 22-24 | 25-27 || total
-------------------------+-------+-------+-------+-------+-------+-------+-------+-------+-------++-------
Melee: Executioner's axe |     1 |       |       |       |     2 |     6 |     9 |    17 |    85 ||   120
Invok: Greater Servant o |       |       |       |       |       |       |       |       |     1 ||     1
  Use: Potion            |       |       |       |       |       |       |       |       |     1 ||     1
Armor: Leather armour    |       |       |       |       |       |       |       |       |     3 ||     3
Dodge: Dodged            |       |       |       |       |       |       |       |       |    10 ||    10
